 Dungeon Crawl Stone Soup version 0.31-a0-233-g139696dc86 (webtiles) character file.

Game seed: 16483750439239394271

144 qw the Shooter (level 5, 0/30 HPs)
             Began as a Gargoyle Hexslinger on July 7, 2023.
             Killed from afar by an orc wizard (4 damage)
             ... with a puff of flame
             ... on level 4 of the Dungeon.
             The game lasted 00:00:49 (2719 turns).

qw the Shooter (Gargoyle Hexslinger)                Turns: 2719, Time: 00:00:50

Health: 0/30       AC:  9    Str: 12    XL:     5   Next: 27%
Magic:  6/6        EV: 10    Int: 13    God:
Gold:   168        SH:  0    Dex: 14    Spells: 5/6 levels left

rFire   . . .        Y - +2 sling (drain)
rCold   . . .        (no shield)
rNeg    + . .        h - +0 ring mail
rPois   inf          (no helmet)
rElec   +            (no cloak)
rCorr   .            (no gloves)
SInv    .            (no boots)
Will    .....        i - amulet of reflection Stlth
                     (no ring)
HPRegen 0.25/turn    (no ring)
MPRegen 0.10/turn

%: reflection
@: confused
A: sickness immunity, AC +4, negative energy resistance 1, electricity
resistance, torment resistance 1, petrification resistance
a: no special abilities


You were on level 4 of the Dungeon.
You visited 1 branch of the dungeon, and saw 4 of its levels.

You collected 168 gold pieces.


Innate Abilities, Weirdness & Mutations

You are immune to sickness and miasma.
Your stone body is resilient. (AC +4)
You are immune to poison.
You resist negative energy. (rN+)
You are resistant to electric shocks. (rElec)
You are resistant to unholy torment.
You are immune to petrification.


   Skills:
 - Level 2.0 Fighting
 + Level 4.7 Ranged Weapons
 - Level 1.3 Armour
 - Level 1.5 Dodging
 - Level 1.0 Spellcasting
 - Level 2.6 Hexes


You had 5 spell levels left.
You knew the following spells:

 Your Spells              Type           Power      Damage    Failure   Level
a - Slow                  Hex            28%        N/A       21%         1

Your spell library contained the following spells:

 Spells                   Type           Power      Damage    Failure   Level
 Inner Flame              Hex/Fire       4%         N/A       71%         3
 Portal Projectile        Hex/Tloc       8%         N/A       71%         3
 Cause Fear               Hex            3%         N/A       90%         4

Inventory:

Hand Weapons
 Y - a +2 sling of draining (weapon)
Armour
 h - a +0 ring mail (worn)
Jewellery
 i - an amulet of reflection (around neck)
Scrolls
 b - a scroll of amnesia {unknown}
 c - 2 scrolls of teleportation
Potions
 a - a potion of haste {unknown}
 e - a potion of curing {unknown}
 f - a potion of heal wounds {unknown}
 g - a potion of berserk rage {unknown}

Dungeon Overview and Level Annotations

Branches:
Dungeon (4/15)
 Temple: D:4-7

Altars:
Vehumet


Message History

Something hits you but does no damage. x4
You shoot a sling bullet. You block something's attack. Something hits you.
You shoot a sling bullet. Something hits you.
You hear some strange, mumbled words.
You are confused.
You shoot a sling bullet. Something hits you but does no damage.
Something hits you.
You shoot a sling bullet.
Something hits you. x2; Something hits you but does no damage. x2
You shoot a sling bullet.
Something hits you but does no damage. x2
You shoot a sling bullet.
You hear some strange, mumbled words.
A puff of flame appears from out of thin air!
The puff of flame misses you. Something hits you but does no damage.
You shoot a sling bullet.
You feel less confused. Something hits you but does no damage.
You hear some strange, mumbled words.
You are confused.
Something hits you but does no damage. Something hits you.
You shoot a sling bullet.
An orc wizard appears from thin air!
Reactivating autopickup.
The orc wizard hits you but does no damage.
Something hits you.
Deactivating autopickup; reactivate with Ctrl-A.
The orc wizard misses you. Something hits you but does no damage.
An orc wizard appears from thin air!
Reactivating autopickup.
The orc wizard closely misses you.
The orc wizard mumbles some strange words.
The orc wizard flickers and vanishes!
Deactivating autopickup; reactivate with Ctrl-A.
The orc wizard completely misses you. Something hits you but does no damage.
The orc wizard gestures at you while chanting.
The puff of flame hits you.
You die...

#~#..#~#
#~¤¤.~¤#
###''###
#########..#
..........##
#######.###
#.# #.# #@#
......{o#
...[..###
#####. #


You could see an orc wizard.

Vanquished Creatures
  A scorpion (D:4)
  2 adders (D:4)
  4 worms
  A dart slug (D:1)
  8 orcs
  2 endoplasms
  2 giant cockroaches (D:3)
  2 hobgoblins
  2 jackals (D:1)
  5 kobolds
  5 quokkas
  2 ball pythons
  2 bats
  3 frilled lizards
  4 goblins
  5 rats
50 creatures vanquished.

Notes
Turn   | Place    | Note
-------+----------+-------------------------------------------
     0 | D:1      | qw the Gargoyle Hexslinger began the quest for the Orb.
     0 | D:1      | Reached XP level 1. HP: 12/12 MP: 2/2
     0 | D:1      | 0 ||| qw: Version: 0.3-a-46-gb1f654a
     0 | D:1      | 0 ||| qw: Game counter: 3008
     0 | D:1      | 0 ||| qw: Melee chars always use a shield: true
     0 | D:1      | 0 ||| qw: God list: Okawaru
     0 | D:1      | 0 ||| qw: Allow faded altars: false
     0 | D:1      | 0 ||| qw: Do Orc after clearing Dungeon:15 true
     0 | D:1      | 0 ||| qw: Do second Lair branch before Depths: true
     0 | D:1      | 0 ||| qw: Lair rune preference: random
     0 | D:1      | 0 ||| qw: Goals: Normal
     0 | D:1      | 0 ||| PLANNING D:1-11
   164 | D:1      | Reached XP level 2. HP: 12/16 MP: 3/3
   576 | D:1      | Reached skill level 3 in Ranged Weapons
   815 | D:1      | 815 ||| READING scroll labelled JYMAUMUROF.
   816 | D:1      | 816 ||| READING scroll labelled FITYSM BE DOGIC.
   817 | D:1      | 817 ||| READING scroll labelled SATINE SOGAF.
   818 | D:1      | 818 ||| DROPPING scroll of poison.
   940 | D:2      | Found a radiant altar of Vehumet.
  1095 | D:2      | Reached XP level 3. HP: 21/21 MP: 4/4
  1637 | D:2      | 1637 ||| UPGRADING to +0 leather armour.
  1647 | D:2      | 1647 ||| DROPPING +0 robe.
  1648 | D:2      | 1648 ||| READING scroll labelled SAYWKI QUCVAH.
  1656 | D:3      | Found a faded altar of an unknown god.
  2012 | D:3      | 2012 ||| Stepping ~*~*~tactically~*~*~ (outnumbered).
  2015 | D:3      | Reached XP level 4. HP: 26/26 MP: 5/5
  2357 | D:3      | You fall into a shaft and drop 1 floor!
  2363 | D:4      | Reached skill level 4 in Ranged Weapons
  2405 | D:4      | 2405 ||| UPGRADING to +0 ring mail.
  2415 | D:4      | 2415 ||| DROPPING +0 leather armour.
  2416 | D:4      | 2416 ||| UPGRADING to amulet of reflection.
  2421 | D:4      | 2421 ||| READING scroll labelled NECLUAL CYDWUE.
  2422 | D:4      | 2422 ||| READING scroll labelled ZENOOV MAIMM.
  2423 | D:4      | 2423 ||| READING scroll labelled LUAFIBA JEIHIEN.
  2651 | D:4      | Reached skill level 1 in Armour
  2677 | D:4      | Noticed a scorpion
  2686 | D:4      | Killed a scorpion
  2687 | D:4      | Reached XP level 5. HP: 15/30 MP: 6/6
  2711 | D:4      | HP: 6/30 [something (2)]
  2719 | D:4      | Killed from afar by an orc wizard

Levels and vault maps discovered:
D:1:      elethiomel_arrival_maze, layout_basic, moated_statue
D:2:      layout_basic, basic_altar, minmay_misc_feat_diagonals,
          nicolae_concentric_dashed_squares_wild, minmay_tetromino_s4
D:3:      layout_loops_ring, ebering_ecumenical_altar_petrified,
          nrook_loot_triangle
D:4:      layout_loops_ring, nicolae_qazlal_general_emergency,
          kennysheep_generic_room_15

Skill      XL: |  1  2  3  4 |
---------------+-------------+-----
Ranged Weapons | 3 4 |  4.7
Fighting       | 2 |  2.0
Armour         | 1 |  1.3
Dodging        | |  1.5
Spellcasting   | |  1.0
Hexes          | |  2.6

Action                     |  1- 3 |  4- 6 || total
---------------------------+-------+-------++-------
   Fire: Sling             |   131 |    57 ||   188
    Use: Scroll            |     4 |     3 ||     7
 Armour: Robe              |    14 |       ||    14
         Leather armour    |     3 |     4 ||     7
         Ring mail         |       |    44 ||    44
  Dodge: Dodged            |    20 |    14 ||    34
  Block: Other             |       |     7 ||     7

Table legend:
 A = Non-vault XP
 B = Vault XP
 C = Vault XP percentage of total XP
 D = Non-vault monster count
 E = Vault monster count
 F = Vault count percentage of total count
                 A         B        C        D         E       F
            +---------+---------+-------+---------+---------+-------
      Total |     205 |       2 |   1.0 |      48 |       2 |   4.0
            +---------+---------+-------+---------+---------+-------
        D:1 |      27 |       0 |   0.0 |      17 |       0 |   0.0
        D:2 |      16 |       2 |  11.1 |       7 |       2 |  22.2
        D:3 |      47 |       0 |   0.0 |      17 |       0 |   0.0
        D:4 |     115 |       0 |   0.0 |       7 |       0 |   0.0
            +---------+---------+-------+---------+---------+-------
